[Event "*** Titled Tuesday Blitz"]
[Site "Chess.com"]
[Date "2020.05.12"]
[Round "3"]
[White "Mikhail_Biryukov"]
[Black "mc4chess"]
[Result "1-0"]
[WhiteElo "2660"]
[BlackElo "2411"]
[TimeControl "180+1"]
[EndTime "10:29:49 PDT"]
[Termination "Mikhail_Biryukov won on time"]

1. e4 c5 2. Nf3 e6 3. d4 cxd4 4. Nxd4 a6 5. Bd3 Qc7 6. O-O Nf6 7. Nd2 h5 8. N2f3 Ng4 9. Re1 Nc6 10. c3 Bc5 11. h3 Nge5 12. Nxe5 Qxe5 13. Nf3 Qc7 14. Be3 Bxe3 15. Rxe3 d6 16. Qe2 Ne5 17. Nxe5 dxe5 18. Rg3 g6 19. Qf3 Qe7 20. Qe3 Bd7 21. Rg5 Bc6 22. Rxe5 Rd8 23. Be2 Qd6 24. Rc5 Qd2 25. Rd1 Qxe3 26. Rxd8+ Kxd8 27. fxe3 Bxe4 28. Rc4 Bd5 29.
Rd4 Ke7 30. c4 Bc6 31. Kf2 e5 32. Rd2 Rd8 33. Rxd8 Kxd8 34. g4 hxg4 35. hxg4 f5 36. g5 Ke7 37. b4 Ke6 38. Kg3 Be4 39. a3 Kd6 40. Bd1 Bd3 41. Bb3 Ke7 42. c5 Be4 43.
Bc4 Bc6 44. Kf2 Kf8 45. Kg3 Ke7 46. Bb3 Kf8 47. Kf2 Ke7 48. Ke2 f4 49. exf4 exf4 50. Bc2 Be8 51. Be4 Bc6 52. Bxc6 Ke6 53. Kf3 bxc6 54.
Kxf4 Kd5 55. a4 Kc4 56. Ke5 Kxb4 57. Kf6 Kxc5 58. Kxg6 Kd6 59. Kf6 c5 60. g6 c4 61.
g7 c3 62. g8=Q Kc5 63. Qc8+ Kb4 64. Qxa6 c2 65. Qb5+ 1-0

[Event "*** Titled Tuesday Blitz"]
[Site "Chess.com"]
[Date "2020.05.12"]
[Round "3"]
[White "MisiekZielony"]
[Black "26andrej26"]
[Result "0-1"]
[WhiteElo "2119"]
[BlackElo "2471"]
[TimeControl "180+1"]
[EndTime "10:29:51 PDT"]
[Termination "26andrej26 won by resignation"]

1. c4 Nf6 2. Nc3 g6 3. g3 d6 4. Bg2 Bg7 5. e4 O-O 6. Nge2 c5 7. d3 Nc6 8. O-O Bg4 9. h3 Bxe2 10. Nxe2 Rb8 11.
Be3 b5 12. b3 Nd7 13. Rb1 Nb4 14. Qd2 Ne5 15. Nc1 bxc4 16. dxc4 Nbc6 17. Ne2 Qa5 18.
Qxa5 Nxa5 19. Rfd1 Nec6 20. Bd2 Nb7 21. f4 Nd4 22. Nc3 e6 23. Kf1 Nd8 24. Rbc1 N8c6 25. h4 h5 26. Kf2 Nb4 27. Bf1 Rfd8 28. Na4 Nxa2 29. Ra1 Nb4 30. Rab1 Nbc6 31. Be1 Rxb3 32. Rxb3 Nxb3 33. Bd3 Nbd4 34. Rb1 Rb8 35. Rxb8+ Nxb8 36. Ke3 Nbc6 37. Bd2 Kf8 38. Bf1 Nc2+ 39. Kf3 N6d4+ 40. Kg2 Nb3 41. Bd3 Nxd2 42. Bxc2 Nxc4 43. Kf3 Nb6 44. Nxb6 axb6 45. Ba4 d5 46. Bc6 dxe4+ 47. Kxe4 Ke7 48. Bb5 f5+ 49. Kf3 Bd4 50. Ke2 e5 51. fxe5 Bxe5 52. Kf3 Kf6 53. Kf2 g5 54. hxg5+ Kxg5 55.
Kf3 h4 56. gxh4+ Kxh4 57. Bd7 Kg5 58. Bb5 Kf6 59. Ke2 Ke6 60. Kd3 Kd5 61. Bc4+ Kd6 62. Bb5 Kd5 63. Bc4+ Kc6 64. Bf7 b5 65. Be8+ Kb6 66.
Bd7 c4+ 67. Kc2 Kc5 68. Bxf5 b4 69. Be6 b3+ 70. Kd2 c3+ 71. Kd1 c2+ 72. Kd2 Bf4+ 0-1

[Event "*** Titled Tuesday Blitz"]
[Site "Chess.com"]
[Date "2020.05.12"]
[Round "3"]
[White "WIDBIFS"]
[Black "MoonlighT89"]
[Result "1-0"]
[WhiteElo "2731"]
[BlackElo "2516"]
[TimeControl "180+1"]
[EndTime "10:29:52 PDT"]
[Termination "WIDBIFS won by resignation"]

1. d4 Nf6 2. Nf3 e6 3. Bf4 c5 4.
e3 Qb6 5. Qc1 Be7 6. Nbd2 d5 7.
c3 O-O 8. h3 Nc6 9. Bd3 Bd7 10.
O-O Rac8 11. Qb1 cxd4 12. exd4 Na5 13. Ne5 Bb5 14. Bxb5 Qxb5 15. a4 Qb6 16. Re1 Nb3 17. Nxb3 Qxb3 18. Re2 Ne4 19. Qd1 Qxd1+ 20. Rxd1 Nd6 21.
Nd7 Rfd8 22. Nc5 b6 23. Bxd6 Bxd6 24. Nd3 Rc4 25. Ra1 a5 26. g3 g6 27. f4 h5 28. Kf2 Kf8 29. Kf3 Ke7 30. Ke3 Kd7 31. Kd2 Rdc8 32. Rh2 Rh8 33. Kc2 Rcc8 34. Kb3 Rb8 35.
Rah1 Ke7 36. Re2 Kd7 37. Rf1 Rbc8 38. g4 hxg4 39. hxg4 Rh4 40. f5 gxf5 41. gxf5 Re8 42. fxe6+ fxe6 43. Rf7+ Re7 44. Rf8 Rg7 45. Ra8 Re4 46. Rf2 Kc6 47. Rc8+ Kb7 48. Re8 Kc6 49. Rf3 Re7 50. Rxe7 Bxe7 51. Ne5+ Kd6 52. Nf7+ Kc7 53. Ne5 Kd6 54. Rf7 Rh4 55. Rxe7 Kxe7 56. Ng6+ Kd6 57. Nxh4 e5 58. dxe5+ Kxe5 59. Nf3+ Ke4 60. Nd4 Kd3 61. Ne6 Ke4 62. Nd4 Kd3 63. Nc6 Ke4 64. Kc2 Ke3 65. Nd4 Ke4 66. Nb5 Ke3 67. Nd6 Kf4 68. Nc8 Ke5 69.
Nxb6 d4 70. Nc4+ Kd5 71. Nxa5 1-0

[Event "*** Titled Tuesday Blitz"]
[Site "Chess.com"]
[Date "2020.05.12"]
[Round "3"]
[White "Azatnew"]
[Black "elohunter1999"]
[Result "0-1"]
[WhiteElo "2739"]
[BlackElo "2573"]
[TimeControl "180+1"]
[EndTime "10:29:53 PDT"]
[Termination "elohunter1999 won by checkmate"]

1. Nf3 Nf6 2. g3 b6 3. Bg2 Bb7 4. O-O c5 5. c4 e6 6. Nc3 Be7 7. d4 cxd4 8. Nxd4 Bxg2 9. Kxg2 Qc8 10. Qd3 Nc6 11. b3 O-O 12. Bb2 Qb7 13. Qf3 Rac8 14.
Rad1 a6 15. Rd3 Rc7 16. Nxc6 Qxc6 17. Rfd1 b5 18. cxb5 axb5 19. Qxc6 dxc6 20. Rc1 Ra7 21. a4 bxa4 22. Nxa4 Nd5 23. Kf3 Rb8 24. e4 Nb4 25. Rdd1 Na2 26. Rxc6 Rxb3+ 27. Kg2 h6 28. Rc4 Rb4 29.
Rxb4 Nxb4 30. Nb6 Ra2 31. Bd4 Nc2 32. Nc8 Bb4 33. Bb6 Ne1+ 34. Kf1 Nf3 35. Rd8+ Kh7 36.
h3 Nd2+ 37. Kg2 Nxe4 38. Rd7 f6 39. Na7 Bc5 40. Bxc5 Nxc5 41. Rc7 Ne4 42. Kf3 Nxf2 43. h4 Nd3 44. Nc8 Ne5+ 45. Ke3 Ra3+ 46. Kf2 Ng4+ 47. Kg2 h5 48. Nd6 Ra2+ 49. Kg1 Kg6 50. Ne8 Kf5 51.
Rc4 Ne5 52. Nxg7+ Kg6 53. Rc7 Nf3+ 54. Kf1 Nd2+ 55. Ke1 Ne4 56. Nxe6 Nxg3 57. Rg7+ Kf5 58. Nd4+ Ke4 59. Ne6 Nf5 60. Rc7 Kf3 61. Rc3+ Ne3 62. Nd4+ Ke4 63. Ne6 Rh2 64. Nc5+ Kf3 65. Ne6 Re2# 0-1

[Event "*** Titled Tuesday Blitz"]
[Site "Chess.com"]
[Date "2020.05.12"]
[Round "3"]
[White "BIG_Pirate"]
[Black "lionheart95"]
[Result "1/2-1/2"]
[WhiteElo "2313"]
[BlackElo "2514"]
[TimeControl "180+1"]
[EndTime "10:29:53 PDT"]
[Termination "Game drawn by repetition"]

1. Nf3 d5 2. c4 e6 3. g3 Nf6 4. Bg2 Be7 5. O-O O-O 6. d4 dxc4 7. Qc2 c5 8. Rd1 cxd4 9. Rxd4 Qb6 10. Rxc4 Nc6 11.
Be3 Qa5 12. Bc5 Bxc5 13. Rxc5 Qb6 14. a3 Bd7 15. Nbd2 Rac8 16. Rc1 h6 17. b4 a6 18. Nc4 Qa7 19. Nd6 Rb8 20. h3 Rfd8 21. Qc3 Ne8 22. Nxe8 Bxe8 23. Ne5 Nxe5 24. Qxe5 Qb6 25. Rc7 Qd6 26.
Qxd6 Rxd6 27. Rxb7 Rxb7 28. Bxb7 Kf8 29. Rc7 Bb5 30.
e3 Rd1+ 31. Kg2 Ra1 32. Bc6 Rc1 33. Rc8+ Ke7 34. Bb7 Ra1 35. Bc6 Bxc6+ 36. Rxc6 Rxa3 37. Rb6 Rb3 38. Rb7+ Kf6 39. Ra7 Rxb4 40. Rxa6 h5 41. Ra3 g6 42. Ra5 Kg7 43. h4 Rb3 44. Rc5 Kh6 45. Rg5 f6 46. Ra5 e5 47. Ra6 f5 48.
Ra5 e4 49. Ra8 Rb1 50. Rh8+ Kg7 51. Ra8 Rb2 52. Ra7+ Kh6 53. Ra8 Kg7 54. Ra7+ Kh6 55.
Ra8 Kg7 1/2-1/2

[Event "*** Titled Tuesday Blitz"]
[Site "Chess.com"]
[Date "2020.05.12"]
[Round "3"]
[White "GM-2023"]
[Black "Sunnika"]
[Result "1/2-1/2"]
[WhiteElo "2085"]
[BlackElo "2318"]
[TimeControl "180+1"]
[EndTime "10:29:54 PDT"]
[Termination "Game drawn - insufficient material"]

1. e4 c5 2. Nf3 Nc6 3. d4 cxd4 4. Nxd4 Nf6 5. Nc3 e5 6. Ndb5 d6 7. Bg5 a6 8. Na3 b5 9. Bxf6 gxf6 10. Nd5 f5 11. g3 Bg7 12. Bg2 O-O 13. exf5 Bxf5 14. Ne3 Bd7 15. Qxd6 Rc8 16. Rd1 Qa5+ 17. Qd2 Qxd2+ 18.
Rxd2 Be6 19. O-O Rfd8 20. Rfd1 Rxd2 21. Rxd2 Nb4 22. c3 Nxa2 23. Nd5 Kf8 24. Nb6 Rc7 25. Nc2 Nc1 26. Nb4 a5 27. Nc6 Bf6 28.
Nxa5 Nb3 29. Nxb3 Bxb3 30. Bd5 Bc4 31. Bxc4 bxc4 32. Nd5 Rd7 33. Kf1 Bg5 34. f4 exf4 35. gxf4 Bxf4 36. Rd1 Be5 37. h3 Kg7 38. Ke2 Rb7 39.
Rd2 f5 40. Kf3 Kg6 41. Ne3 Rc7 42. Rd5 Kf6 43. Rb5 Rc6 44. Nd5+ Ke6 45. Ne3 Kf6 46. Rb4 Bd6 47. Rxc4 Ra6 48. b3 f4 49. Nd5+ Ke6 50. Nxf4+ Kd7 51. Nd5 Ra3 52. Ne3 Rxb3 53. Ng4 Ra3 54.
Ke4 Ra5 55. Nf6+ Ke6 56. Ng4 Rh5 57. Kf3 Rxh3+ 58. Ke4 Rh4 59. Kf3 h5 60. Ne3 Rxc4 61. Nxc4 h4 62. Kg4 h3 63. Kxh3 Be5 64. Ne3 Bxc3 1/2-1/2

[Event "*** Titled Tuesday Blitz"]
[Site "Chess.com"]
[Date "2020.05.12"]
[Round "3"]
[White "czasnaszachy"]
[Black "IwkooO"]
[Result "1/2-1/2"]
[WhiteElo "2358"]
[BlackElo "2537"]
[TimeControl "180+1"]
[EndTime "10:29:55 PDT"]
[Termination "Game drawn by stalemate"]

1. d4 Nf6 2. c4 e6 3. Nc3 Bb4 4. e3 O-O 5. Ne2 d5 6. a3 Bd6 7. c5 Be7 8. Nf4 b6 9. b4 a5 10. Bd2 c6 11. Be2 Ba6 12. O-O Qc8 13. Nd3 Nbd7 14.
f4 g6 15. Ne5 Ne4 16. Nxe4 dxe4 17. Rb1 axb4 18. axb4 Nxe5 19. fxe5 Bxe2 20. Qxe2 Qd7 21. Bc3 Qd5 22. Qg4 Ra3 23. Be1 bxc5 24. bxc5 Rxe3 25.
Bf2 Rd3 26. Rfe1 Rxd4 27. Bxd4 Qxd4+ 28. Kh1 Qxe5 29. Qxe4 Qxe4 30. Rxe4 Bxc5 31. Rc4 Be3 32. Rxc6 h5 33. Rc3 Bd4 34. Rd3 e5 35. g3 Kg7 36.
Kg2 Rc8 37. Rd2 f5 38. Rb7+ Kf6 39. Rb3 Rc4 40. Ra3 Rc6 41. Kf3 e4+ 42. Ke2 Be5 43. Ra8 g5 44. Rh8 Kg6 45. Rg8+ Kh6 46. Re8 Bf6 47.
Ra8 Kg6 48. Ra7 f4 49. gxf4 gxf4 50. Rd1 Kf5 51. Ra5+ Be5 52. Rdd5 Re6 53. h3 Kf6 54.
Kf2 Kf5 55. Ke2 h4 56. Kf2 Kf6 57. Ke2 Re7 58. Ra6+ Re6 59. Raa5 Re7 60. Ra6+ Kf7 61. Raa5 Bf6 62. Rf5 f3+ 63. Ke3 Kg6 64. Rfc5 Re6 65. Rcb5 Rd6 66. Rd5 Re6 67. Rdc5 Bd8 68. Rc2 Bxa5 69. Rf2 Bb6+ 70. Kf4 Bxf2 71. Kg4 Rf6 1/2-1/2

[Event "*** Titled Tuesday Blitz"]
[Site "Chess.com"]
[Date "2020.05.12"]
[Round "3"]
[White "earling8018"]
[Black "Vusatiuk_Vladimir"]
[Result "0-1"]
[WhiteElo "2028"]
[BlackElo "2310"]
[TimeControl "180+1"]
[EndTime "10:29:55 PDT"]
[Termination "Vusatiuk_Vladimir won on time"]

1. d4 Nf6 2. c4 g6 3. Nc3 d5 4.
cxd5 Nxd5 5. g3 Bg7 6. Bg2 Nb6 7. e3 O-O 8. Nge2 Be6 9. O-O c6 10. b3 a5 11. Ba3 a4 12. Ne4 axb3 13. axb3 Na6 14.
Nc5 Nxc5 15. Bxc5 Qc7 16. Qc2 Rxa1 17. Rxa1 Ra8 18. Rxa8+ Nxa8 19. Nf4 Bg4 20. Qa2 Nb6 21. Qa5 Nd5 22. Qa8+ Bf8 23. Nxd5 cxd5 24. h3 Be6 25. Qa7 f6 26. Qb6 Qxb6 27. Bxb6 Bf7 28. Kf1 e6 29. Ke2 Bb4 30. e4 Kf8 31. exd5 exd5 32. Ke3 Ke8 33. h4 Kd7 34. Bh3+ Be6 35. Bf1 Kc6 36. Bd8 f5 37. Bf6 Bd6 38. Be5 Be7 39. f3 b6 40.
Be2 h6 41. Kf4 g5+ 42. Ke3 gxh4 43. gxh4 Bxh4 44. Bg7 h5 45. f4 Bf7 46. Bh6 Bg6 47.
Bg5 Be1 48. Bf3 h4 49. Bg2 Bg3 50. Bh3 Kd6 51. Bd8 b5 52. Bf1 b4 53. Ba5 Be1 54.
Kf3 Bh5+ 55. Ke3 Bg4 56. Bg2 h3 57. Bh1 Ke6 58. Bd8 Bg3 59. Ba5 Be1 60. Bb6 Bd1 61. Ba5 Bxb3 62. Ke2 Bc3 63. Kf3 Bc4 64. Kg3 Bxd4 65.
Kxh3 b3 66. Bd2 b2 0-1

[Event "*** Titled Tuesday Blitz"]
[Site "Chess.com"]
[Date "2020.05.12"]
[Round "3"]
[White "eightbyeightchess"]
[Black "Fins0905"]
[Result "0-1"]
[WhiteElo "2397"]
[BlackElo "2614"]
[TimeControl "180+1"]
[EndTime "10:29:56 PDT"]
[Termination "Fins0905 won by resignation"]

1. e4 d5 2. exd5 Qxd5 3. Nc3 Qa5 4. h3 c6 5. Nf3 Nf6 6. d4 Bf5 7. Bc4 e6 8. O-O Nbd7 9. Bf4 Bb4 10. Ne2 h6 11. Ng3 Bh7 12. Bd3 Bxd3 13. Qxd3 O-O 14.
c3 Be7 15. Rfe1 Rfe8 16. Ne5 Rad8 17. a4 Nxe5 18. Rxe5 Nd5 19. Bd2 Qc7 20. Nh5 Nf6 21. Rae1 Rd5 22. Nxf6+ Bxf6 23. Rxd5 cxd5 24. Qf3 Bg5 25.
Bxg5 hxg5 26. Re5 f6 27. Re2 Qf4 28. Qd3 Kf7 29. a5 a6 30. g3 Qc7 31. Kg2 Qxa5 32. c4 dxc4 33. Qxc4 Re7 34. Qc8 Qd5+ 35. Kh2 Qxd4 36.
Rc2 Kg6 37. Kg1 Kh7 38. Qb8 Rd7 39. Rc8 Qd1+ 40. Kh2 Kg6 41. Rc3 Re7 42. Qf8 Rf7 43. Qb4 Qd5 44. Qg4 Qf5 45. Qe2 b5 46. Rf3 Qe5 47. Re3 Qd5 48. Qc2+ f5 49. Qe2 Kf6 50. Rd3 Qe5 51. Re3 Qd6 52. Qc2 Rc7 53. Qe2 Qd5 54.
Qh5 g6 55. Qh8+ Rg7 56. Qf8+ Rf7 57. Qh8+ Ke7 58. Qc8 Qd7 59. Qc5+ Kf6 60. Qc3+ Ke7 61. Qb4+ Qd6 62. Qc3 f4 63. Rd3 fxg3+ 64. fxg3 Qb6 65. Qb4+ Ke8 66. Rd2 Rf2+ 67. Rxf2 Qxf2+ 68. Kh1 Qxg3 69. Qe4 Qxh3+ 70. Kg1 Qf5 71. Qc6+ Kf7 72. Qxa6 Qc5+ 73. Kg2 b4 74. Qb7+ Kf6 75. Qf3+ Qf5 76. Qb3 Qd5+ 0-1

[Event "*** Titled Tuesday Blitz"]
[Site "Chess.com"]
[Date "2020.05.12"]
[Round "3"]
[White "DishonorOnYourCow"]
[Black "MPGM"]
[Result "0-1"]
[WhiteElo "2332"]
[BlackElo "2530"]
[TimeControl "180+1"]
[EndTime "10:29:57 PDT"]
[Termination "MPGM won by checkmate"]

1. d4 Nf6 2. c4 e6 3. Nf3 a6 4.
Bg5 b5 5. e3 c5 6. Nc3 b4 7.
Ne4 Bb7 8. Nxc5 Bxc5 9. dxc5 O-O 10. Be2 Qc7 11. Bf4 Qa5 12. O-O Rc8 13. Bd6 Ne4 14.
a3 Nxc5 15. axb4 Qxb4 16. Qd4 a5 17. Ra3 Nba6 18. Ne5 Qb6 19. Rc3 Na4 20. Qxb6 Nxb6 21. c5 Nd5 22. Rcc1 Bc6 23. Nxc6 Rxc6 24. Bf3 Rac8 25.
e4 Ndb4 26. e5 Nd5 27. Rcd1 Nxc5 28. Bxd5 exd5 29. Rxd5 Na4 30. h3 Nxb2 31. Rxa5 Nc4 32. Ra7 Nxd6 33. exd6 Rxd6 34. Re1 g6 35. Re7 Rc1+ 36.
Kh2 Rcd1 37. Re8+ Kg7 38. g4 Re6 39. Rd8 d6 40. Kg3 g5 41. Ra6 Rf6 42. Rd7 Rd3+ 43. Kg2 Rd2 44. Kg1 Rd1+ 45. Kg2 Rd2 46. Kg1 Rdxf2 47. Raxd6 Rf1+ 48. Kg2 R6f2+ 49. Kg3 Re2 50. Rd4 Re3+ 51. Kg2 Rff3 52. Rd2 Rg3+ 53. Kf1 Rxh3 54. Rf2 Ref3 55. Rxf3 Rxf3+ 56. Kg2 Rf4 57. Kg3 Kg6 58.
Rd5 f6 59. Rd6 Re4 60. Rd5 Re3+ 61. Kg2 Rc3 62. Rd7 h5 63. gxh5+ Kxh5 64. Rf7 Kg6 65. Rf8 f5 66. Rg8+ Kh5 67. Rf8 Kg4 68. Ra8 Rc2+ 69.
Kf1 f4 70. Ra3 f3 71. Ra5 Kf4 72. Rb5 g4 73. Ra5 Kg3 74. Rf5 Rc1# 0-1

[Event "*** Titled Tuesday Blitz"]
[Site "Chess.com"]
[Date "2020.05.12"]
[Round "3"]
[White "atwalcb"]
[Black "Shukh_Nikolay"]
[Result "0-1"]
[WhiteElo "2296"]
[BlackElo "2521"]
[TimeControl "180+1"]
[EndTime "10:29:57 PDT"]
[Termination "Shukh_Nikolay won by resignation"]

1. d4 Nf6 2. Bg5 Ne4 3. Bf4 c5 4. f3 Qa5+ 5. c3 Nf6 6. Nd2 cxd4 7. Nb3 Qd8 8. cxd4 d5 9. e3 Nc6 10. Bd3 e6 11. Ne2 Bb4+ 12. Nd2 Nh5 13. Bg3 Nxg3 14.
hxg3 h6 15. a3 Bd6 16. Kf2 e5 17. b4 exd4 18. Nxd4 Nxd4 19. exd4 O-O 20. Nb3 Qf6 21.
f4 Bf5 22. Bxf5 Qxf5 23. Qb1 Qf6 24. Qd3 Rfe8 25. Rhe1 g5 26. f5 Re4 27. Rxe4 Qxf5+ 28. Qf3 Qxe4 29. Qxe4 dxe4 30. g4 Rc8 31. Nc5 b6 32.
Nxe4 Rc2+ 33. Kf3 Be7 34. Rd1 Kf8 35. d5 Ke8 36. d6 Bd8 37. d7+ Ke7 38. Ng3 Rc3+ 39.
Kf2 Rxa3 40. Nf5+ Ke6 41. Rd6+ Ke5 42. Rc6 Rd3 43. Rxh6 Rxd7 44. Rc6 Rc7 45. Rxc7 Bxc7 46. Ke3 a5 47. bxa5 bxa5 48. Kd3 Kf4 49. Nh6 f6 50. Kc4 Kg3 51. Kb5 Kxg2 52. Ng8 Bd8 53. Nh6 Kf3 54.
Ka4 Ke4 55. Kb3 Kd5 56. Ka4 Kc5 57. Nf7 Bc7 58. Nh6 Kd5 59. Ng8 Bd8 60. Nh6 Ke6 61.
Kb5 Bc7 62. Ka4 Ke5 63. Kb5 Kf4 64. Ka4 Bd6 65. Kxa5 Bf8 66. Ng8 Bg7 67. Kb5 Kxg4 68. Kc4 f5 69. Kd3 f4 70. Ke2 Kf5 71. Ne7+ Ke4 72.
Ng6 g4 73. Nh4 Bd4 74. Kf1 f3 75. Ng6 g3 76. Nh4 Kf4 77. Ke1 g2 0-1

[Event "*** Titled Tuesday Blitz"]
[Site "Chess.com"]
[Date "2020.05.12"]
[Round "3"]
[White "BabyFacedAssasin"]
[Black "Nikolaj_6"]
[Result "1/2-1/2"]
[WhiteElo "2260"]
[BlackElo "2563"]
[TimeControl "180+1"]
[EndTime "10:29:59 PDT"]
[Termination "Game drawn by repetition"]

1. e4 c5 2. Nf3 d6 3. d4 cxd4 4. Nxd4 Nf6 5. Nc3 a6 6. h3 e5 7. Nde2 h5 8. Bg5 Be6 9. Bxf6 Qxf6 10. Nd5 Qd8 11. Nec3 Nd7 12. Be2 g6 13. Ne3 Rc8 14. Ncd5 Nc5 15. Bd3 Bh6 16. O-O O-O 17. f4 exf4 18.
Nxf4 Bd7 19. Ned5 Bc6 20. Nxh5 gxh5 21. Qxh5 Qg5 22. Nf6+ Kg7 23. Rf5 Qxh5 24. Nxh5+ Kh8 25. Raf1 Nxe4 26. Rxf7 Rxf7 27. Rxf7 Rf8 28. Rxf8+ Bxf8 29. g4 Be7 30. Nf4 Kg7 31. Ne6+ Kf6 32. Nd4 d5 33.
Nxc6 bxc6 34. Bxa6 Ke5 35. Bd3 Kf4 36. Kg2 Bf6 37. b3 c5 38. a4 Bd8 39. Ba6 Ke5 40.
Kf3 Ng5+ 41. Kg3 Ne4+ 42. Kf3 Bh4 43. Bd3 Ng5+ 44. Kg2 Be1 45. Kf1 Bh4 46. a5 Kd6 47.
a6 Kc7 48. Ke2 Kb6 49. Ke3 Nxh3 50. c4 Bg5+ 51. Kf3 d4 52. Bf1 Nf4 53. Ke4 Kxa6 54. b4 cxb4 55. Kxd4 Ka5 56. c5 Ne6+ 57. Kc4 Bf4 58. Bd3 Nc7 59. Bc2 Bg5 60. Bd1 Be7 61. Bc2 Ne6 62. c6 Nc7 63. Bf5 Kb6 64. Be4 Ka5 65.
Bf3 Ka4 66. Bd1+ Ka3 67. Bc2 Bg5 68. Bd1 Be7 69. Bc2 Kb2 70. Bd1 Kc1 71. Bb3 Kd2 72. Ba4 Ke3 73. Bb3 Kf4 74. Bd1 Ke5 75. Bf3 Kf4 76.
Bd1 Ke3 77. Bb3 Kd2 78. Ba4 Kc1 79. Bb3 Kb2 80. Bd1 Ka3 1/2-1/2

[Event "*** Titled Tuesday Blitz"]
[Site "Chess.com"]
[Date "2020.05.12"]
[Round "3"]
[White "vanyakuba"]
[Black "ChessQueen"]
[Result "0-1"]
[WhiteElo "2403"]
[BlackElo "2636"]
[TimeControl "180+1"]
[EndTime "10:30:00 PDT"]
[Termination "ChessQueen won on time"]

1. e4 c6 2. d4 d5 3. exd5 cxd5 4. c4 Nf6 5. Nc3 Nc6 6. Bg5 h6 7. Bxf6 exf6 8. cxd5 Nb8 9. Qa4+ Bd7 10. Bb5 Bd6 11.
Nge2 O-O 12. Bxd7 Nxd7 13. O-O Nb6 14. Qb3 f5 15. a4 a5 16. Nb5 Bb4 17. Nec3 Rc8 18.
Rac1 Qg5 19. d6 Rfd8 20. Na7 Rc4 21. Nab5 Rcc8 22. Rcd1 Bxd6 23. Nxd6 Rxd6 24. Nb5 Rg6 25. g3 f4 26. Rfe1 fxg3 27. hxg3 Qd5 28. Qxd5 Nxd5 29. Re5 Rd8 30. Rde1 Nf6 31. Kg2 Rg5 32. Rxg5 hxg5 33. Re5 g4 34. Rc5 b6 35. Rc6 Nd5 36.
Rd6 Rxd6 37. Nxd6 f6 38. Kf1 Kf8 39. Ke2 Ke7 40. Nc4 Kd7 41. Kd3 Kc6 42. Ke4 g6 43.
Ne3 f5+ 44. Ke5 Nb4 45. d5+ Kd7 46. Kf6 Nd3 47. Kxg6 Nxb2 48. Kxf5 Nxa4 49. Nxg4 Nc3 50. Ne5+ Kc7 51. Ke6 Ne4 52. f3 Nd6 53. f4 a4 54. f5 a3 55. f6 a2 56. f7 Nxf7 57.
Nxf7 a1=Q 58. d6+ Kc6 59. d7 Qe1+ 60. Kf6 Qf2+ 61. Kg7 Kxd7 62. g4 Kc7 63. g5 Kb7 64. g6 Ka7 65. Kf8 Qc5+ 66. Kg8 Qc8+ 67. Kg7 b5 68.
Kf6 Qc3+ 69. Ne5 b4 70. g7 Qc8 71. Kf7 b3 72. Nc6+ Qxc6 0-1

[Event "*** Titled Tuesday Blitz"]
[Site "Chess.com"]
[Date "2020.05.12"]
[Round "3"]
[White "relaxx87"]
[Black "wonderfultime"]
[Result "1-0"]
[WhiteElo "2682"]
[BlackElo "2945"]
[TimeControl "180+1"]
[EndTime "10:30:09 PDT"]
[Termination "relaxx87 won by resignation"]

1. e4 c5 2. Nf3 Nf6 3. e5 Nd5 4. Nc3 e6 5. Nxd5 exd5 6. d4 Nc6 7. dxc5 Bxc5 8. Qxd5 d6 9. Bd3 Qa5+ 10. Kf1 Nb4 11.
Qe4 Nxd3 12. exd6+ Be6 13. Qxd3 Rd8 14. Be3 Bxd6 15.
Qc3 Qa6+ 16. Kg1 O-O 17. Bd4 Rc8 18. Qd2 Rfd8 19. Qg5 Bf8 20. c3 h6 21. Qg3 Qe2 22. h3 Qxb2 23. Kh2 Qa3 24. Rhe1 b6 25. Kg1 Qd6 26. Be5 Qd5 27. a4 Qd3 28. Re3 Qf5 29. Nd4 Qh5 30. Nxe6 fxe6 31. a5 b5 32. a6 Rd7 33.
Re4 Rf7 34. Rg4 Qf5 35. f4 Kh7 36. Kh2 h5 37. Rg5 Qe4 38. Rxh5+ Kg8 39. Qh4 Rf5 40. Rh8+ Kf7 41. Qg4 b4 42. Rd1 Rxe5 43. fxe5 Qxg4 44. hxg4 bxc3 45. Rf1+ Ke7 46. Rh3 c2 47. Rc1 Kf7 48. Rf3+ Kg6 49. Rf2 Be7 50. Rcxc2 Rh8+ 51. Kg1 Bg5 52. Rf3 Rb8 53. Rc6 Rb1+ 54. Kh2 Re1 55. Rxe6+ Kh7 56. Kg3 Re4 57. Rf7 Ra4 58. Rxa7 Ra3+ 59.
Kh2 Bf4+ 60. g3 Rxg3 61. Kh1 Rh3+ 62. Kg2 Ra3 63. Ree7 Bh6 64. e6 Kg6 65. Rf7 Ra2+ 66.
Kf3 Ra3+ 67. Ke4 Ra4+ 68. Kd5 Ra1 69. Rfd7 Kf6 70. Rf7+ Kg6 71. Rf3 Rd1+ 72. Kc6 Re1 73. Kd7 Bg5 74. Rb7 Rd1+ 75. Kc6 Rc1+ 76. Kd5 Rd1+ 77. Kc4 Rc1+ 78. Rc3 Re1 79. a7 Ra1 80. Kb5 Bf6 81. Rc4 Kg5 82. Ra4 1-0

[Event "*** Titled Tuesday Blitz"]
[Site "Chess.com"]
[Date "2020.05.12"]
[Round "3"]
[White "Fy_Rakotomaharo"]
[Black "VerdeNotte"]
[Result "1/2-1/2"]
[WhiteElo "2645"]
[BlackElo "2872"]
[TimeControl "180+1"]
[EndTime "10:30:09 PDT"]
[Termination "Game drawn by repetition"]

1. e4 e5 2. Nf3 Nc6 3. Bb5 a6 4. Ba4 d6 5. c3 Bd7 6. O-O g6 7. Re1 Bg7 8. d4 Nf6 9. Bxc6 Bxc6 10.
dxe5 Nxe4 11. exd6 O-O 12. dxc7 Qxc7 13. Qc2 Rfe8 14. Be3 Rad8 15. Nbd2 Nxd2 16. Nxd2 Be5 17. Nf1 Qc8 18. f3 h5 19. Bf2 b5 20. Rad1 Rxd1 21. Qxd1 Rd8 22. Qe2 Bf6 23. Ng3 Re8 24. Qd1 h4 25.
Ne4 Bxe4 26. Rxe4 Rxe4 27. fxe4 h3 28. Qf3 Qe6 29. gxh3 Be5 30. b3 Qd6 31. Bg3 Qc5+ 32. Kg2 Bxc3 33. h4 Bd4 34. Qd3 a5 35. a4 bxa4 36.
bxa4 Qb4 37. Qc2 Kg7 38. Bf2 Bxf2 39. Kxf2 Qd6 40. Qc3+ Kg8 41. Qxa5 Qf4+ 42. Ke2 Qxe4+ 43. Kd2 Qf4+ 44. Kc3 Qe3+ 45. Kb2 Qf2+ 46. Kb3 Qf3+ 47. Qc3 Qd1+ 48. Kb4 Qd6+ 49. Qc5 Qxh2 50. a5 Qxh4+ 51. Kb5 Qe1 52. a6 Qb1+ 53. Kc6 Qe4+ 54. Kb6 Qb1+ 55. Kc7 Qa2 56. a7 Kh7 57. Kb8 Qb3+ 58. Kc8 Qa4 59.
Kb7 Qd7+ 60. Qc7 Qb5+ 61. Kc8 Qd5 62. Kb8 Qb5+ 63. Qb7 Qe8+ 64. Kc7 Qe7+ 65. Kb6 Qb4+ 66. Kc7 Qe7+ 67. Kb8 Qd8+ 68. Qc8 Qb6+ 69. Qb7 Qd8+ 70. Qc8 Qb6+ 71. Ka8 g5 72. Qc2+ Kh6 73. Qh2+ Kg6 74. Qb8 Qc6+ 75. Qb7 Qe8+ 76. Qb8 Qc6+ 77. Qb7 Qe8+ 78.
Qb8 Qe4+ 79. Qb7 Qe8+ 1/2-1/2

[Event "*** Titled Tuesday Blitz"]
[Site "Chess.com"]
[Date "2020.05.12"]
[Round "3"]
[White "Sanan_Sjugirov"]
[Black "Revnov"]
[Result "0-1"]
[WhiteElo "2915"]
[BlackElo "2671"]
[TimeControl "180+1"]
[EndTime "10:30:10 PDT"]
[Termination "Revnov won by resignation"]

1. e4 c5 2. Nf3 d6 3. Bb5+ Bd7 4.
Bxd7+ Qxd7 5. O-O Nc6 6. c3 Nf6 7. d4 cxd4 8. cxd4 Nxe4 9. d5 Ne5 10. Re1 Nf6 11. Nxe5 dxe5 12. Rxe5 e6 13. Nc3 Bd6 14. dxe6 fxe6 15. Re1 O-O 16. Bg5 Rad8 17. Qe2 h6 18. Bxf6 Rxf6 19. Rad1 Qc6 20. g3 Bc7 21. Rxd8+ Bxd8 22. Ne4 Rf8 23. Qd3 Bb6 24. Re2 Rf5 25. a3 Rd5 26.
Qc3 Qd7 27. Kg2 Kh8 28. h4 Qf7 29. Qf3 Rf5 30. Qd3 Rd5 31. Qf3 Rf5 32. Qg4 Kh7 33.
Rc2 Qd7 34. Qe2 Rd5 35. Qf3 Rf5 36. Qe2 Qf7 37. Qd3 Qg6 38. Rd2 Rd5 39. Qe2 Qf5 40.
Rxd5 exd5 41. Nd2 Bd4 42. Nf3 Bf6 43. Ne1 Kg6 44. Nd3 Qe4+ 45. Qxe4+ dxe4 46. Nf4+ Kf5 47. b3 Ke5 48. Ne2 Kd5 49. Kf1 b5 50. Ke1 Bb2 51. Kd2 Ke5 52. a4 bxa4 53. bxa4 Kd5 54. Kc2 Be5 55. Kb3 Bd4 56. Nf4+ Ke5 57. Nh3 a6 58.
Kc4 g5 59. hxg5 hxg5 60. g4 Ba7 61. Nxg5 Bxf2 62. Nh3 Ba7 63. g5 Kf5 64. Kc3 Bb8 65. g6 Be5+ 66. Kc4 Kxg6 67. Nf2 Kf5 68. Nd1 Kf4 69.
Kd5 Ba1 70. Kc5 Kf3 71. Kd5 Ke2 72. Kxe4 Kxd1 73. Kd5 a5 74. Kc4 Bb2 75. Kb5 Bc3 76. Kc4 Bb4 77. Kb3 Kc1 78. Kc4 Kb2 79. Kb5 Ka3 80. Kc4 Kxa4 0-1

[Event "*** Titled Tuesday Blitz"]
[Site "Chess.com"]
[Date "2020.05.12"]
[Round "3"]
[White "ketster"]
[Black "Mouse-Sleep"]
[Result "0-1"]
[WhiteElo "2284"]
[BlackElo "2517"]
[TimeControl "180+1"]
[EndTime "10:30:11 PDT"]
[Termination "Mouse-Sleep won by checkmate"]

1. d4 Nf6 2. c4 a6 3. Nc3 c5 4. dxc5 e6 5. Bg5 Bxc5 6. e3 h6 7. Bh4 Nc6 8. Nf3 Bb4 9. Qc2 Qa5 10. Bd3 Ng4 11. O-O Bxc3 12. Qxc3 Qxc3 13. bxc3 Nge5 14.
Nxe5 Nxe5 15. Be2 f6 16. f4 Nc6 17. e4 Na5 18. Bf2 Kf7 19. Rfd1 Re8 20. Rab1 Nc6 21. c5 a5 22. a4 Nb8 23. Bb5 Ke7 24. Rd6 Rd8 25. Rbd1 Na6 26. Be3 Nc7 27. Bc4 Ne8 28.
R6d2 Nc7 29. Kf2 Na6 30. Kf3 Rb8 31. Rd6 Nc7 32. Rb6 Na8 33. Rb5 b6 34. cxb6 Ba6 35. Rc5 Bxc4 36. Rxc4 Nxb6 37. Bc5+ d6 38. Bxb6 Rxb6 39.
Rc7+ Rd7 40. Rxd7+ Kxd7 41. Ke3 Rb3 42. Kd3 Ra3 43. Rb1 Rxa4 44. Rb7+ Kc6 45. Rxg7 Ra2 46. Rg6 a4 47. Rxf6 Rxg2 48. Rf8 a3 49. Ra8 a2 50. Kc4 Rxh2 51. f5 exf5 52. exf5 Kc7 53. f6 Rf2 54. f7 Rxf7 55. Rxa2 Rf5 56. Rh2 h5 57.
Kd4 Kc6 58. Ke4 Ra5 59. Kd4 Kd7 60. Rh3 Ke6 61. Re3+ Kf5 62. Rg3 Kf4 63. Rg8 h4 64. Rf8+ Kg4 65. Rg8+ Rg5 66. Rh8 h3 67. Ke3 Kg3 68.
Ke2 Kg2 69. Rh7 h2 70. Ke3 h1=Q 71. Rh2+ Qxh2 72. Kd4 Qf4+ 73. Kd3 Rg3+ 74. Kc2 Qe3 75. Kb3 Qxc3+ 76. Ka4 Qb3+ 77. Ka5 Rg8 78. Ka6 Ra8# 0-1